 Dungeon Crawl Stone Soup version 0.24.0-1-gfbc8707 (webtiles) character file.

Game seed: 15526342952062233345, levelgen mode: deterministic

679 Fang the Skirmisher (level 7, 0/45 HPs)
             Began as a Gargoyle Berserker on Oct 31, 2019.
             Was a Priest of Trog.
             Slain by an ogre
             ... wielding a +0 giant spiked club
              (26 damage)
             ... on level 4 of the Dungeon on Nov 1, 2019.
             The game lasted 00:05:51 (4212 turns).

Fang the Skirmisher (Gargoyle Berserker)            Turns: 4212, Time: 00:05:51

Health: 0/45       AC: 16    Str: 22    XL:     7   Next: 60%
Magic:  7/7        EV:  7    Int:  8    God:    Trog [***...]
Gold:   132        SH:  0    Dex:  9    Spells: 6/6 levels left

rFire    . . .     SeeInvis .   a - +0 hand axe
rCold    . . .     Gourm    .   (no shield)
rNeg     + + .     Faith    .   b - +0 plate armour
rPois    ∞         Spirit   .   (no helmet)
rElec    +         Reflect  .   (no cloak)
rCorr    .         Harm     .   (no gloves)
MR       .....                  (no boots)
Stlth    ..........             (no amulet)
HPRegen  0.15/turn              o - ring of positive energy
MPRegen  0.10/turn              (no ring)

@: very slow
A: negative energy resistance 1, electricity resistance, unbreathing,
petrification resistance, rot immunity, AC +4
a: Berserk, Trog's Hand, Renounce Religion


You were on level 4 of the Dungeon.
You worshipped Trog.
Trog was most pleased with you.
You were not hungry.

You visited 2 branches of the dungeon, and saw 5 of its levels.

You collected 132 gold pieces.

Inventory:

Hand Weapons
 a - a +0 hand axe (weapon)
Armour
 b - a +0 plate armour (worn)
Jewellery
 o - a ring of positive energy (left hand)
Scrolls
 d - a scroll of identify {unknown}
 e - 2 scrolls of enchant armour {unknown}
 i - 2 scrolls of immolation {unknown}
 j - 3 scrolls of magic mapping {unknown}
 l - 6 scrolls of remove curse {unknown}
 m - a scroll of teleportation {unknown}
 p - 2 scrolls of enchant weapon {unknown}
 r - a scroll of amnesia {unknown}
 s - a scroll of blinking {unknown}
 u - a scroll of fear {unknown}
Potions
 f - 2 potions of heal wounds {unknown}
 g - 5 potions of curing {unknown}
 h - 2 potions of cancellation {unknown}
 k - 3 potions of lignification {unknown}
 n - a potion of ambrosia {unknown}
 q - a potion of haste {unknown}
Comestibles
 c - 8 rations
 t - 11 chunks of flesh


   Skills:
 * Level 5.9 Fighting
 * Level 5.0 Axes
 + Level 4.2 Armour
 + Level 3.1 Dodging


You had 6 spell levels left.
You didn't know any spells.
Your spell library was empty.

Dungeon Overview and Level Annotations

Branches:
Dungeon (4/15)             Temple (1/1) D:4

Altars:
Ashenzari
Elyvilon
Nemelex Xobeh
Qazlal
Ru
Sif Muna
Uskayaw


Innate Abilities, Weirdness & Mutations

You are resistant to torment.
Your stone body is resilient. (AC +4)
You are immune to poison.
You resist negative energy. (rN+)
You are resistant to electric shocks. (rElec)
You can survive without breathing.
You are immune to petrification.
You are immune to rotting.


Message History

The ogre barely misses you.
A kobold comes into view. It is wielding a +0 club.
The kobold shouts!
You slash the ogre!
The ogre is severely wounded.
The kobold throws a stone.
The stone barely misses you.
You hear a splash.
You hit the ogre.
The ogre is severely wounded.
You closely miss the kobold.
The ogre hits you with a +0 giant spiked club!
The kobold hits you but does no damage.
Your unstable footing causes you to fumble your attack.
The ogre hits you with a +0 giant spiked club.
The kobold hits you but does no damage.
Your unstable footing causes you to fumble your attack.
The kobold hits you but does no damage.
The ogre hits you with a +0 giant spiked club!!
Ouch! That really hurt!
You die...

#.).'.# ... #...#.#
#######....
#####.##
#.....#..... #..#
##..≈........
##.####.[≈#≈.......
#..##.≈..≈..≈.....
#....≈#≈%$.≈#≈K...
#..≈..÷..≈K.≈..≈.#
#.≈#≈...≈#@O..≈#≈
#..≈."≈..≈..≈..≈.#
##...≈#≈...≈#≈...#
#.≈..≈..≈w.≈..≈.#
#≈#≈...≈#≈...≈#≈#
#.≈..≈..≈..≈.. #
##..≈#≈...≈#≈..
##.≈..≈..≈....


You could see an ogre, a worm and 2 kobolds.

Vanquished Creatures
  3 ogres
  A hound (D:4)
  3 orc wizards
  Crazy Yiuf (D:3)
  An orc priest (D:4)
  A bullfrog skeleton (D:4)
  2 iguanas (D:4)
  Robin (D:3)
  7 adders
  An ooze (D:1)
  A worm (D:2)
  A dart slug (D:1)
  4 leopard geckos
  13 orcs
  A giant cockroach (D:4)
  13 goblins
  9 hobgoblins
  3 jackals (D:4)
  10 kobolds
  2 quokkas
  A ball python (D:1)
  11 bats
  3 frilled lizards
  2 quokka skeletons (D:4)
  8 rats
103 creatures vanquished.

Notes
Turn   | Place    | Note
-------+----------+-------------------------------------------
     0 | D:1      | Fang the Gargoyle Berserker began the quest for the Orb.
     0 | D:1      | Reached XP level 1. HP: 14/14 MP: 1/1
    57 | D:1      | Reached XP level 2. HP: 15/19 MP: 2/2
   714 | D:1      | Reached XP level 3. HP: 23/23 MP: 3/3
   991 | D:2      | Reached XP level 4. HP: 14/29 MP: 4/4
  1006 | D:2      | Reached ** piety under Trog
  1006 | D:2      | Reached XP level 5. HP: 10/33 MP: 5/5
  1681 | D:3      | Found a hide-covered altar of Uskayaw.
  1681 | D:3      | Found a shattered altar of Ashenzari.
  1787 | D:3      | Found a runed translucent door.
  1788 | D:3      | Noticed Crazy Yiuf
  1908 | D:3      | Noticed an ogre
  1915 | D:3      | Killed an ogre
  1915 | D:3      | Reached XP level 6. HP: 26/40 MP: 6/6
  2094 | D:3      | Found a stormy altar of Qazlal.
  2105 | D:3      | Reached skill level 5 in Fighting
  2470 | D:3      | Found a shimmering blue altar of Sif Muna.
  2722 | D:3      | Noticed Robin
  2743 | D:3      | Killed Robin
  3484 | D:3      | Killed Crazy Yiuf
  3714 | D:4      | Reached *** piety under Trog
  3790 | D:4      | Found a white marble altar of Elyvilon.
  3815 | D:4      | Reached XP level 7. HP: 32/44 MP: 7/7
  3947 | D:4      | Found a sacrificial altar of Ru.
  4083 | D:4      | Found a staircase to the Ecumenical Temple.
  4090 | D:4      | Reached skill level 5 in Axes
  4097 | Temple   | Entered the Ecumenical Temple
  4212 | D:4      | Slain by an ogre

Levels and vault maps discovered:
D:1:      co_arrival_square_in_a_square_in_a_square, layout_loops_cross,
          serial_bayou_lagoon_a, hangedman_decor_points
D:2:      layout_rooms, serial_bayou_pond_c
D:3:      layout_loops_corners, led_sif_book,
          chequers_temple_overflow_statue_of_worship,
          nicolae_qazlal_eye_of_the_storm, uniq_crazy_yiuf_cottage, uniq_robin
D:4:      kennysheep_kobold_camp, layout_basic, kennysheep_mini,
          old_standard_altar, minmay_temple_entry_butterflies, first_ration,
          kennysheep_small_spiral, grunt_ministairs_11, eino_tiny_chamber,
          kennysheep_doodads
Temple:   regret_index_temple_waves

Skill      XL: |  1  2  3  4  5  6  7 |
---------------+----------------------+-----
Axes           | 3 4 5 |  5.0
Dodging        | 2 3 |  3.1
Fighting       | 4 5 |  5.9
Armour         | 3 4 |  4.2

Action                   |  1- 3 |  4- 6 |  7- 9 || total
-------------------------+-------+-------+-------++-------
Melee: Hand axe          |    85 |   215 |    68 ||   368
Invok: Berserk           |     1 |     4 |     1 ||     6
 Stab: Sleeping          |     1 |       |       ||     1
  Eat: Chunk             |       |    10 |     3 ||    13
       Ration            |       |     1 |       ||     1
Armor: Animal skin       |    19 |       |       ||    19
       Plate armour      |    97 |   182 |    40 ||   319
Dodge: Dodged            |    76 |   109 |    31 ||   216
